 Dungeon Crawl Stone Soup version 0.31-a0-880-g9a209b2425 (webtiles) character file.

Game seed: 18096898892841228438

21 Morbidden the Ruffian (level 2, 0/17 HPs)
             Began as a Troll Shapeshifter on Oct 15, 2023.
             Slain by a gnoll
             ... wielding a +0 spear
              (5 damage)
             ... on level 1 of the Dungeon.
             The game lasted 00:00:59 (324 turns).

Morbidden the Ruffian (Troll Shapeshifter)           Turns: 324, Time: 00:01:00

Health: 0/17       AC:  4    Str: 21    XL:     2   Next: 65%
Magic:  1/1        EV:  9    Int:  6    God:
Gold:   0          SH:  0    Dex:  9    Spells: 1/1 levels left

rFire   . .          .
                       - Unarmed
rCold   . . .        (shield currently unavailable)
rNeg    . . .        a - +0 animal skin
rPois   .            (helmet restricted)
rElec   .            (no cloak)
rCorr   .            (gloves unavailable)
SInv    .            (boots unavailable)
Will    .....        (no amulet)
Stlth   +            (no ring)
HPRegen 1.02/turn    (no ring)
MPRegen 0.07/turn

%: no passive effects
@: flux-form, glowing
A: glow, contaminating, reduced hp, large, unfitting armour, claws 3,
regeneration 1, shaggy fur 1, tough skin 1
a: Begin Untransformation


You were on level 1 of the Dungeon.
You were something dangerously unstable.
You visited 1 branch of the dungeon, and saw 1 of its levels.

Inventory:

Missiles
 f - 2 stones (quivered)
 g - 3 poisoned darts
Armour
 a - a +0 animal skin (worn)
Talismans
 c - a beast talisman
 d - a flux talisman (active)
Scrolls
 h - a scroll of silence {unknown}
Potions
 b - a potion of lignification
 e - a potion of might {unknown}
 i - a potion of ambrosia {unknown}


   Skills:
 * Level 1.0 Fighting
 * Level 1.6 Dodging
 * Level 3.4 Unarmed Combat
 * Level 3.3 Shapeshifting


You had one spell level left.
You didn't know any spells.
Your spell library was empty.

Dungeon Overview and Level Annotations

Branches:
Dungeon (1/15)

Altars:


Innate Abilities, Weirdness & Mutations

You are something dangerously unstable.
You glow with magical radiation, making you easy to see and hit.
Foes you strike become dangerously contaminated with magical radiation.
Your maximum health is decreased, since you lack skill for your form.
You are incapable of wielding weapons or throwing items.
You are too large for most types of armour.
You have claws for hands.
Your natural rate of healing is unusually fast.
You are covered in fur. (AC +1)
You have tough skin. (AC +1)


Message History

You turn into something dangerously unstable.
HP restored.
Unknown command.
Unknown command.
Unknown command.
Found a leather armour.
No target in view!
A hobgoblin comes into view.
The hobgoblin shouts!
A hobgoblin is nearby!
Found a glowing cloak.
A hobgoblin is nearby!
A gnoll comes into view. It is wielding a +0 spear.
The gnoll shouts!
There are monsters nearby!
The hobgoblin barely misses you.
You claw the hobgoblin!
You kill the hobgoblin!
The gnoll hits you from afar with a +0 spear!
You see here a hobgoblin corpse.
The gnoll hits you with a +0 spear.
You are too injured to fight recklessly!
Unknown command.
You are too injured to fight recklessly!
Unknown command.
You are too injured to fight recklessly!
Unknown command.
You are too injured to fight recklessly!
Unknown command.
You are too injured to fight recklessly!
Unknown command.
You scratch the gnoll.
The gnoll begins to glow.
The gnoll is lightly wounded.
The gnoll hits you with a +0 spear.
* * * LOW HITPOINT WARNING * * *
Unknown command.
You claw the gnoll!
The gnoll glows dangerously bright.
The gnoll is severely wounded.
The gnoll hits you with a +0 spear.
You die... ###'## # #.# PPP..... ###.# PP..PP

..#†###### PP.P..
[.......... .... ....#######
##... #...# #...# #.#.#
#[.g# . #.#.### #..p# #.#
#.#...# #..†####[.
#.#.#.########...#(..
....#.##.....#...#.#
..###..#.# #.#.....##
######...# #.##.....#
≈≈≈≈####.###.#......########
≈≈≈≈## #...#.#.............#
.....#...#>........).......#


You could see a gnoll (heavy contam).

Vanquished Creatures
  A dart slug (D:1)
  2 endoplasms (D:1)
  2 giant cockroaches (D:1)
  3 goblins (D:1)
  4 hobgoblins (D:1)
  2 ball pythons (D:1)
  3 bats (D:1)
  A kobold (D:1)
18 creatures vanquished.

Notes
Turn   | Place    | Note
-------+----------+-------------------------------------------
     0 | D:1      | Morbidden the Troll Shapeshifter began the quest for the
                  | Orb.
     0 | D:1      | Reached XP level 1. HP: 18/18 MP: 0/0
   116 | D:1      | Reached skill level 1 in Fighting
   145 | D:1      | Reached XP level 2. HP: 27/27 MP: 1/1
   324 | D:1      | Slain by a gnoll

Illustrated notes

Levels and vault maps discovered:
D:1:      dpeg_arrival_pond, layout_basic, nicolae_grassy_gnolls

Skill      XL: |  1 |
---------------+----+-----
Fighting       | 1 |  1.0
Dodging        | |  1.6
Unarmed Combat | |  3.4
Shapeshifting  | |  3.3

Action                     || total
---------------------------++-------
  Melee: Unarmed           ||    38
         Punch             ||     3
 Armour: Animal skin       ||    33
  Dodge: Dodged            ||    16
   Form: Flux              ||     1

Table legend: (Time is in decaauts)
 A = Elapsed time spent in this place.
 B = Non-inter-level travel time spent in this place.
 C = Inter-level travel time spent in this place.
 D = Time resting spent in this place.
 E = Time spent auto-exploring this place.
 F = Levels seen in this place.
 G = Mean time per level.
                   A        B        C        D        E       F      G
               +--------+--------+--------+--------+--------+-----+--------+
         Total |    321 |    321 |      0 |      0 |    223 |   1 |  321.0 |
       Dungeon |    321 |    321 |      0 |      0 |    223 |   1 |  321.0 |
               +--------+--------+--------+--------+--------+-----+--------+

Top non-repeatable levels by time:
     D:1: 321 daAuts
